 Dungeon Crawl Stone Soup version 0.23-a0-321-g6bcb69f (webtiles) character file.

437 Amnesiac the Geomancer (level 6, -4/49 HPs)
             Began as a Deep Dwarf Earth Elementalist on Oct 15, 2018.
             Was a Believer of Vehumet.
             Slain by an orc priest
             ... wielding a +0 mace
              (5 damage)
             ... on level 4 of the Dungeon.
             The game lasted 00:20:15 (3706 turns).

Amnesiac the Geomancer (DDEE)                       Turns: 3706, Time: 00:20:16

Health: -4/49      AC:  6    Str: 11    XL:     6   Next: 69%
Magic:  8/11       EV: 13    Int: 18    God:    Vehumet [**....]
Gold:   145        SH:  0    Dex: 13    Spells: 5/12 levels left

rFire    . . .     SeeInvis .   a - +1 short sword (protect)
rCold    . . .     Gourm    .   (no shield)
rNeg     . . .     Faith    .   e - +0 leather armour
rPois    .         Spirit   .   (no helmet)
rElec    .         Reflect  .   (no cloak)
rCorr    .         Harm     .   i - +1 pair of gloves
MR       .....                  t - +0 pair of boots
Stlth    +++.......             (no amulet)
HPRegen  0.00/turn              h - ring of stealth
MPRegen  0.12/turn              l - +1 ring of evasion

@: non-regenerating
A: damage resistance, heal wounds, sense surroundings 1, no regeneration
a: Heal Wounds, Renounce Religion


You were on level 4 of the Dungeon.
You worshipped Vehumet.
Vehumet was pleased with you.
You were not hungry.

You visited 2 branches of the dungeon, and saw 6 of its levels.

You collected 145 gold pieces.

Inventory:

Hand Weapons
 a - a +1 short sword of protection (weapon)
 b - a +2 dagger of holy wrath
 n - a +0 blowgun
Missiles
 p - 6 poisoned needles
 s - 20 stones (quivered)
Armour
 c - the +7 chain mail "Ruhal" {rElec Int-5 Dex+2}
   (You found it on level 4 of the Dungeon)

   It affects your intelligence (-5).
   It affects your dexterity (+2).
   It insulates you from electricity.
 e - a +0 leather armour (worn)
 i - a +1 pair of gloves (worn)
 t - a +0 pair of boots (worn)
Jewellery
 f - an uncursed amulet of guardian spirit
 h - a ring of stealth (left hand)
 l - a +1 ring of evasion (right hand)
Scrolls
 g - a scroll of remove curse {!r}
 j - a scroll of magic mapping {!r}
 o - a scroll of enchant armour {!r, unknown}
Potions
 k - a potion of invisibility {!q}
Comestibles
 d - 7 rations
 m - 4 chunks of flesh


   Skills:
 - Level 1.5 Short Blades
 - Level 2.1 Dodging
 - Level 2.5 Stealth
 + Level 3.5 Spellcasting
 - Level 1.0 Transmutations
 * Level 8.3 Earth Magic


You had 5 spell levels left.
You knew the following spells:

 Your Spells              Type           Power        Failure   Level  Hunger
a - Sandblast             Erth           ####..       1%          1    None
b - Passwall              Tmut/Erth      ###.....     4%          2    ##.....
e - Petrify               Tmut/Erth      ###.....     30%         4    ####...

Your spell library contained the following spells:

 Spells                   Type           Power        Failure   Level  Hunger
 Flame Tongue             Conj/Fire      #....        21%         1    None
 Stone Arrow              Conj/Erth      ###...       11%         3    ###....
 Lee's Rapid Deconstruct  Erth           ####......   19%         5    ######.


Dungeon Overview and Level Annotations

Branches:
Dungeon (5/15)             Temple (1/1) D:5

Altars:
Ashenzari
Cheibriados
Dithmenos
Elyvilon
Gozag
Hepliaklqana
Kikubaaqudgha
Makhleb
Nemelex Xobeh
Okawaru
Qazlal
Ru
Sif Muna
Trog
Uskayaw
Vehumet
Wu Jian
Xom
Yredelemnul
Zin
The Shining One


Innate Abilities, Weirdness & Mutations

You are resistant to damage.
You can heal yourself by infusing magical energy.
You passively map a small area around you.
You do not regenerate.


Message History

s - 2 stones
Casting: Sandblast (safe; 1% risk of failure)
Confirm with . or Enter, or press ? or * to list all spells.
Aiming: Sandblast (safe; 1% risk of failure)
Press: ? - help, Shift-Dir - straight line, f - ball python
Aim: a ball python (resting)
Okay, then.
Found 22 stones.
Some of the chunks of flesh in your inventory have rotted away.
There is a stone staircase leading down here.
You see here 22 stones.
s - 24 stones (gained 22)
The orc shouts!
You hear an angry hiss.
Casting: Sandblast (safe; 1% risk of failure)
Confirm with . or Enter, or press ? or * to list all spells.
Aiming: Sandblast (safe; 1% risk of failure)
Press: ? - help, Shift-Dir - straight line, f - orc priest
Aim: an orc priest, wielding a +0 mace and wearing a +0 chain mail The blast of sand hits the orc.
You kill the orc!
Vehumet accepts your kill.
You feel your power returning.
s - 23 stones The orc wizard shouts!
Unknown command.
Casting: Sandblast (safe; 1% risk of failure)
Confirm with . or Enter, or press ? or * to list all spells.
Aiming: Sandblast (safe; 1% risk of failure)
Press: ? - help, Shift-Dir - straight line, f/p - orc priest
Aim: an orc priest, wielding a +0 mace and wearing a +0 chain mail The blast of sand hits the orc priest.
s - 22 stones Some of the chunks of flesh in your inventory have rotted away.
Unknown command.
Casting: Sandblast (safe; 1% risk of failure)
Confirm with . or Enter, or press ? or * to list all spells.
Aiming: Sandblast (safe; 1% risk of failure)
Press: ? - help, Shift-Dir - straight line, f/p - orc priest
Aim: an orc priest, wielding a +0 mace and wearing a +0 chain mail The blast of sand misses the orc priest.
s - 21 stones The orc priest hits you with a +0 mace.
* * * LOW HITPOINT WARNING * * *
Unknown command.
Casting: Sandblast (safe; 1% risk of failure)
Confirm with . or Enter, or press ? or * to list all spells.
Aiming: Sandblast (safe; 1% risk of failure)
Press: ? - help, Shift-Dir - straight line, f/p - orc priest
Aim: an orc priest, wielding a +0 mace and wearing a +0 chain mail The blast of sand hits the orc priest.
The orc priest is heavily wounded.
s - 20 stones The orc priest calls down the wrath of Beogh upon you.
Beogh smites you!
* * * LOW HITPOINT WARNING * * *
The orc priest hits you with a +0 mace!
* * * LOW HITPOINT WARNING * * *
The orc wizard hits you but does no damage.
Unknown command.
Okay, then.
Okay, then.
You fail to use your ability.
The orc wizard misses you. The orc priest hits you with a +0 mace!
You die...

**,*,*
*,...#....#.# #
**,,* #.#######.#.#
# **,*####,* #.#.#
# *,,...,,* #.#.# #
*,*#.#*** #.#.#
**** ********,##.##
#.#.### ,,,*
*,,,,,,,,,...#
#..,,.. **,*
*,******,*#o.#
####*##
**,***,**####.##@.#
**,,,,,,,.....Soo.#
******,**.##.#.##.#
* *,**,*#.#.##.#
*,**,*#.#.##.#
*,**,*#...##.#
*,##.###..##.#
*,......S.>..#
********#.###..####


You could see 2 orc priests, an orc wizard and a ball python.

Vanquished Creatures
  An orc wizard (D:3)
  An orc priest (D:3)
  2 jellies (D:2)
  4 worker ants
  4 adders
  10 oozes (D:2)
  An adder skeleton (D:4)
  An adder zombie (D:5)
  6 worms
  2 dart slugs
  6 leopard geckos
  8 orcs
  9 bats
  2 giant cockroaches (D:3)
  5 goblins
  7 hobgoblins
  18 jackals
  A quokka (D:3)
  4 frilled lizards
  A jackal skeleton (D:4)
  17 kobolds
  8 rats
118 creatures vanquished.

Vanquished Creatures (others)
  5 toadstools (D:2)
5 creatures vanquished.

Grand Total: 123 creatures vanquished

Notes
Turn   | Place    | Note
-------+----------+-------------------------------------------
     0 | D:1      | Amnesiac the Deep Dwarf Earth Elementalist began the quest
                  | for the Orb.
     0 | D:1      | Reached XP level 1. HP: 15/15 MP: 3/3
   131 | D:1      | Reached XP level 2. HP: 22/22 MP: 0/5
   135 | D:1      | Learned a level 2 spell: Passwall
   221 | D:2      | Reached skill level 1 in Transmutations
   394 | D:2      | Reached skill level 5 in Earth Magic
   490 | D:3      | Reached XP level 3. HP: 26/28 MP: 4/6
   761 | D:3      | Reached XP level 4. HP: 25/36 MP: 0/7
   770 | D:3      | Learned a level 4 spell: Petrify
   857 | D:4      | Reached skill level 6 in Earth Magic
  1006 | D:4      | Got a heavily runed chain mail
  1028 | D:4      | Identified the +7 chain mail "Ruhal" {rElec Int-5 Dex+2}
                  | (You found it on level 4 of the Dungeon)
  1039 | D:5      | Entered Level 5 of the Dungeon
  1057 | D:5      | Found a staircase to the Ecumenical Temple.
  1071 | Temple   | Entered the Ecumenical Temple
  1362 | Temple   | Became a worshipper of Vehumet
  1390 | D:5      | Reached skill level 1 in Short Blades
  1412 | D:5      | Reached XP level 5. HP: 27/42 MP: 4/9
  2547 | D:2      | Reached * piety under Vehumet
  2547 | D:2      | Offered knowledge of Magic Dart by Vehumet.
  2755 | D:2      | Reached skill level 7 in Earth Magic
  2787 | D:2      | Reached XP level 6. HP: 20/49 MP: 10/10
  3222 | D:3      | Offered knowledge of Flame Tongue by Vehumet.
  3233 | D:3      | Reached ** piety under Vehumet
  3233 | D:3      | Reached skill level 8 in Earth Magic
  3705 | D:4      | HP: 1/49 [orc priest/+0 mace (7)]
  3706 | D:4      | Slain by an orc priest

Vault maps used:
D:1:      zelgadis_glass_arrival_small, roderic_lattice_a, st_stairs_7
D:2:      cheibrodos_fertilizer
D:4:      first_ration, kennysheep_generic_room_10
D:5:      kennysheep_steamy, minmay_temple_entry_overgrown, dk_rats_in_the_wall
Temple:   roderic_octagonal_lattice_temple

Skill      XL: |  1  2  3  4  5  6 |
---------------+-------------------+-----
Spellcasting   | 2 3 |  3.5
Transmutations | 1 |  1.0
Earth Magic    | 5 6 7 8 |  8.3
Short Blades   | 1 |  1.5
Dodging        | |  2.1
Stealth        | |  2.5

Action                   |  1- 3 |  4- 6 || total
-------------------------+-------+-------++-------
Melee: Club              |    11 |       ||    11
       Dagger            |    28 |    14 ||    42
       Short sword       |       |    68 ||    68
 Cast: Sandblast         |    40 |    92 ||   132
       Passwall          |     3 |     4 ||     7
  Use: Scroll            |     3 |     5 ||     8
       Potion            |       |     6 ||     6
 Stab: Sleeping          |     3 |     7 ||    10
  Eat: Chunk             |       |    10 ||    10
Armor: Robe              |    10 |       ||    10
       Leather armour    |    10 |    32 ||    42
Dodge: Dodged            |    58 |    44 ||   102

Table legend:
 A = Non-vault XP
 B = Vault XP
 C = Vault XP percentage of total XP
 D = Non-vault monster count
 E = Vault monster count
 F = Vault count percentage of total count
                 A         B        C        D         E       F
            +---------+---------+-------+---------+---------+-------
      Total |     470 |     155 |  24.8 |      99 |      19 |  16.1
            +---------+---------+-------+---------+---------+-------
        D:1 |      32 |       1 |   3.0 |      18 |       1 |   5.3
        D:2 |      78 |     154 |  66.4 |      29 |      18 |  38.3
        D:3 |     226 |       0 |   0.0 |      41 |       0 |   0.0
        D:4 |      64 |       0 |   0.0 |       8 |       0 |   0.0
        D:5 |      70 |       0 |   0.0 |       3 |       0 |   0.0
            +---------+---------+-------+---------+---------+-------
